 Dungeon Crawl Stone Soup version 0.28-a0-804-g60983d4ba9 (webtiles) character file.

Game seed: 3441549236831824149

37 vurker the Gusty (level 3, 0/15 HPs)
             Began as a Felid Air Elementalist on Nov 7, 2021.
             Slain by Terence (7 damage)
             ... on level 2 of the Dungeon.
             The game lasted 00:01:47 (1775 turns).

vurker the Gusty (Felid Air Elementalist)           Turns: 1775, Time: 00:01:48

Health: 0/15       AC:  1    Str:  4    XL:     3   Next: 21%
Magic:  3/7        EV: 17    Int: 17    God:
Gold:   47         SH:  0    Dex: 16    Spells: 6/7 levels left
                                        Lives:  0   Deaths: 0

rFire   . . .      SeeInvis +   (weapon unavailable)
rCold   . . .      Faith    .   (shield unavailable)
rNeg    . . .      Spirit   .   (armour unavailable)
rPois   .          Reflect  .   (helmet unavailable)
rElec   .          Harm     .   (cloak unavailable)
rCorr   .          Rampage  .   (gloves unavailable)
Will    .....                   (boots unavailable)
Stlth   ++........              (no amulet)
HPRegen 0.05/turn               (no ring)
MPRegen 0.10/turn               (no ring)

@: very slightly contaminated, quick
A: very small, claws 1, fangs 3, see invisible, speed 1, shaggy fur 1, stealthy
paws, no weapons or thrown items, no armour, multi-lived
a: no special abilities


You were on level 2 of the Dungeon.
You visited 1 branch of the dungeon, and saw 2 of its levels.

You collected 47 gold pieces.

Inventory:

Scrolls
 b - a scroll of teleportation {unknown}
Potions
 a - 2 potions of resistance {unknown}
 c - a potion of brilliance {unknown}


   Skills:
 + Level 0.9 Fighting
 - Level 2.6 Dodging
 - Level 2.6 Stealth
 * Level 2.5 Spellcasting
 + Level 1.3 Conjurations
 * Level 3.1 Air Magic


You had 6 spell levels left.
You knew the following spells:

 Your Spells              Type           Power      Damage    Failure   Level
a - Shock                 Conj/Air       36%        1d5       8%          1

Your spell library contained the following spells:

 Spells                   Type           Power      Damage    Failure   Level
 Static Discharge         Conj/Air       9%         N/A       11%         2
 Swiftness                Air            12%        N/A       16%         3
 Airstrike                Air            6%         N/A       45%         4


Dungeon Overview and Level Annotations

Branches:
Dungeon (2/15)

Altars:

Annotations:
D:2 Terence


Innate Abilities, Weirdness & Mutations

You have sharp claws.
You have razor-sharp teeth.
You have supernaturally acute eyesight. (SInv)
You cover ground quickly. (Speed+)
You are covered in fur. (AC +1)
Your paws help you pounce on unaware monsters.
You are incapable of wielding weapons or throwing items.
You cannot wear armour.
You gain extra lives every three experience levels.


Message History

Moving in this stuff is going to be slow.
A kobold comes into view. It is wielding a +0 whip.
A kobold is nearby!
Aim: a kobold, wielding a +0 whip (asleep, 100% to hit)
The zap hits the kobold.
You kill the kobold!
You can't see any susceptible monsters within range! (Use Z to cast anyway.)
You can't see any susceptible monsters within range! (Use Z to cast anyway.)
Found 24 sling bullets.
You can't see any susceptible monsters within range! (Use Z to cast anyway.)
Found 6 gold pieces.
A ball python comes into view.
A ball python is nearby!
A ball python is nearby!
Aim: a ball python (asleep, 100% to hit)
You miscast Shock.
You are very lightly contaminated with residual magic.
Nothing appears to happen.
Aim: a ball python (asleep, 100% to hit)
The zap hits the ball python.
You kill the ball python!
You can't see any susceptible monsters within range! (Use Z to cast anyway.)
You can't see any susceptible monsters within range! (Use Z to cast anyway.)
Your magical contamination has completely faded away.
Things that are here:
a +0 whip; a kobold corpse You now have 47 gold pieces (gained 6).
Found a stone staircase leading down.
There is a stone staircase leading down here.
Found 18 stones.
You open the door.
Terence the Incautious comes into view.
He is wielding a +0 short sword and carrying a wand of digging (5).
Found a short sword.
Aim: Terence, wielding a +0 short sword, wearing a +0 scale mail and carrying a wand of digging (5) (asleep, 100% to hit)
The zap hits Terence but does no damage.
Terence shouts!
Aim: Terence, wielding a +0 short sword, wearing a +0 scale mail and carrying a wand of digging (5) (72% to hit)
The zap hits Terence. x2
Aim: Terence, wielding a +0 short sword, wearing a +0 scale mail and carrying a wand of digging (5) (lightly wounded, 72% to hit)
The zap hits Terence.
The zap hits Terence but does no damage.
Terence barely misses you.
Aim: Terence, wielding a +0 short sword, wearing a +0 scale mail and carrying a wand of digging (5) (moderately wounded, 72% to hit)
You miscast Shock.
You are very lightly contaminated with residual magic.
Nothing appears to happen.
Terence hits you with a +0 short sword!
Ouch! That really hurt!
* * * LOW HITPOINT WARNING * * *
Terence hits you with a +0 short sword!
You die...

#)##.... #.##...#
#.##.#.# ######'##.#.#
##.......#.#^######
#(.......#...#....#
#........##.....#.#
#......@.##..####.#
#######.@.........# #####
######..#####
....################..##
.......................#
.....################..##
##...# #...# #...# #...#
#...# #...# #...# #...#


You could see Terence.

Vanquished Creatures
  An adder (D:1)
  A dart slug (D:1)
  2 bats (D:1)
  3 endoplasms
  3 giant cockroaches (D:1)
  A goblin (D:1)
  4 hobgoblins
  4 kobolds
  3 ball pythons
  3 rats
25 creatures vanquished.

Notes
Turn   | Place    | Note
-------+----------+-------------------------------------------
     0 | D:1      | vurker the Felid Air Elementalist began the quest for the
                  | Orb.
     0 | D:1      | Reached XP level 1. HP: 7/7 MP: 4/4
   134 | D:1      | Reached skill level 1 in Conjurations
   263 | D:1      | Reached XP level 2. HP: 10/12 MP: 0/6
   603 | D:1      | Found a faded altar of an unknown god.
   721 | D:1      | Reached skill level 3 in Air Magic
  1349 | D:1      | Reached XP level 3. HP: 7/15 MP: 0/7
  1766 | D:2      | Noticed Terence
  1775 | D:2      | Slain by Terence

Illustrated notes

Levels and vault maps discovered:
D:1:      dpeg_arrival_short_road, layout_basic,
          hellmonk_ecumenical_altar_run_dry
D:2:      layout_basic, serial_shops, shop, basic_altar, fountainhead,
          kennysheep_cross_room, uniq_terence

Skill      XL: |  1  2 |
---------------+-------+-----
Conjurations   | 1 |  1.3
Air Magic      | 3 |  3.1
Fighting       | |  0.9
Dodging        | |  2.6
Stealth        | |  2.6
Spellcasting   | |  2.5

Action                   || total
-------------------------++-------
Melee: Unarmed           ||     2
 Cast: Shock             ||    58
Armor: Skin              ||     2
Dodge: Dodged            ||    11

Table legend: (Time is in decaauts)
 A = Elapsed time spent in this place.
 B = Non-inter-level travel time spent in this place.
 C = Inter-level travel time spent in this place.
 D = Time resting spent in this place.
 E = Time spent auto-exploring this place.
 F = Levels seen in this place.
 G = Mean time per level.
                   A        B        C        D        E       F      G
               +--------+--------+--------+--------+--------+-----+--------+
         Total |   1592 |   1577 |     15 |    145 |   1288 |   2 |  796.0 |
       Dungeon |   1592 |   1577 |     15 |    145 |   1288 |   2 |  796.0 |
               +--------+--------+--------+--------+--------+-----+--------+

Top non-repeatable levels by time:
     D:1: 1327 daAuts
     D:2: 264 daAuts
